 Dungeon Crawl Stone Soup version 0.20.1-1-g8b1a95d (webtiles) character file.

10976 polve the Nimble (level 11, -2/85 HPs)
             Began as a Merfolk Ice Elementalist on July 21, 2017.
             Was a Priest of Yredelemnul.
             Slain by a two-headed ogre
             ... wielding a +0 giant spiked club
              (28 damage)
             ... on level 10 of the Dungeon.
             The game lasted 00:24:32 (13739 turns).

polve the Nimble (Merfolk Ice Elementalist)        Turns: 13739, Time: 00:24:33

Health: -2/85      AC: 15    Str:  9    XL:     11   Next: 70%
Magic:  0/15       EV: 21    Int: 15    God:    Yredelemnul [***...]
Gold:   601        SH:  0    Dex: 15    Spells: 7/15 levels left

rFire    + . .     SeeInvis .   p - +0 trident
rCold    + . .     Gourm    .   (no shield)
rNeg     . . .     Faith    .   r - +2 leather armour {rF+}
rPois    +         Spirit   .   a - +1 helmet
rElec    .         Reflect  .   y - +0 cloak
rCorr    .         Harm     .   (no gloves)
MR       .....                  (no boots)
Stlth    +++.......             q - amulet of regeneration
Regen    0.7/turn               x - ring of stealth
MPRegen  0.2/turn               e - ring of protection from cold

@: icy armour, slow
A: change form in water, swift swim, stealthy swim, rugged brown scales 1, dopey
1, poison resistance
a: Recall Undead Slaves, Injury Mirror, Animate Dead, Renounce Religion


You were on level 10 of the Dungeon.
You worshipped Yredelemnul.
Yredelemnul was most pleased with you.
You were not hungry.

You visited 3 branches of the dungeon, and saw 12 of its levels.

You collected 601 gold pieces.

Inventory:

Hand Weapons
 p - a +0 trident (weapon)
Armour
 a - a +1 helmet (worn)
 r - a +2 leather armour of fire resistance (worn)
 y - a +0 cloak (worn)
Jewellery
 e - a ring of protection from cold (right hand)
 g - a +1 ring of slaying {unknown}
 q - an amulet of regeneration (around neck)
 x - a ring of stealth (left hand)
Wands
 k - a wand of acid (15/15)
 F - a wand of iceblast (10/15)
Scrolls
 i - 2 scrolls of amnesia
 n - a scroll of torment {unknown}
 o - 2 scrolls of recharging
 s - a scroll of identify
 t - 3 scrolls of remove curse
 v - a scroll of enchant weapon {unknown}
 C - a scroll of enchant armour
Potions
 d - a potion of flight
 l - a potion of brilliance
 u - a potion of curing
Books
 b - a book of Frost

   Spells                             Type                      Level
   a - Freeze                         Ice                          1
   b - Throw Frost                    Conjuration/Ice              2
   c - Ozocubu's Armour               Charms/Ice                   3
   d - Throw Icicle                   Conjuration/Ice              4
   e - Summon Ice Beast               Ice/Summoning                4
 m - a book of Necromancy

   Spells                             Type                      Level
   a - Pain                           Necromancy                   1
   b - Animate Skeleton               Necromancy                   1
   c - Vampiric Draining              Necromancy                   3
   d - Regeneration                   Charms/Necromancy            3
   e - Animate Dead                   Necromancy                   4
   f - Control Undead                 Necromancy                   4
Comestibles
 c - 5 bread rations
 f - 10 royal jellies
 h - 9 meat rations
 j - 5 chunks of flesh


   Skills:
 + Level 6.5 Fighting
 - Level 14.0 Polearms
 + Level 14.3 Dodging
 - Level 2.1 Stealth
 + Level 2.7 Spellcasting
 - Level 2.0 Conjurations
 - Level 2.0 Charms
 - Level 8.0 Ice Magic


You had 7 spell levels left.
You knew the following spells:

 Your Spells              Type           Power        Failure   Level  Hunger
a - Freeze                Ice            ####         1%          1    #......
b - Ozocubu's Armour      Chrm/Ice       ###.....     11%         3    ###....
c - Throw Icicle          Conj/Ice       ###.....     34%         4    #####..


Dungeon Overview and Level Annotations

Branches:
Dungeon (10/15)            Temple (1/1) D:7            Lair (1/6) D:8
    Orc: D:9-12

Altars:
Ashenzari
Cheibriados
Dithmenos
Elyvilon
Fedhas
Gozag
Hepliaklqana
Kikubaaqudgha
Makhleb
Nemelex Xobeh
Okawaru
Qazlal
Ru
Sif Muna
Trog
Uskayaw
Vehumet
Xom
Yredelemnul
Zin
The Shining One

Shops:
D:5 **==   D:6 ?   D:8 %   D:9 *


Innate Abilities, Weirdness & Mutations

You revert to your normal form in water.
You are very nimble and swift while swimming.
You are very stealthy in the water. (Stealth+)
You are partially covered in rugged brown scales. (AC +1, +3% HP)
You are dopey. (Int -2)
Your system is resistant to poisons. (rPois)


Message History

The two-headed ogre is heavily wounded.
The two-headed ogre misses you. The two-headed ogre closely misses you.
You hit the two-headed ogre.
The two-headed ogre is heavily wounded.
Casting: Freeze
Confirm with . or Enter, or press ? or * to list all spells.
Aiming: Freeze
Press: ? - help, Shift-Dir - straight line, f/p - two-headed ogre
Aim: a two-headed ogre, wielding a giant spiked club and a giant club (heavily wounded)
You freeze the two-headed ogre.
The two-headed ogre is severely wounded.
The two-headed ogre hits you with a giant spiked club!!
* * * LOW HITPOINT WARNING * * *
The two-headed ogre closely misses you.
You hit the two-headed ogre but do no damage.
The two-headed ogre is heavily wounded.
The two-headed ogre closely misses you.
The two-headed ogre hits you with a giant club!!
You die...
Your body rises from the dead as a mindless zombie.

..###.#...
#.....#..#
#.....#..#
###.....#..###
.......>...). #
#........###.#
#............#
#$######..........
#...@O()..(#.###.#
########.........#
.............###
########..###.#
..........###.#
..######......#
#([.######
#......... .. ≈
#...######


You could see a two-headed ogre.

Vanquished Creatures
  A centaur warrior (D:10)
  The ghost of Oddysee the Protected, a novice MiFi of Qazlal (D:8)
  A gargoyle (D:9)
  2 komodo dragons (Lair:1)
  2 trolls (D:9)
  A queen bee (D:9)
  5 blink frogs (Lair:1)
  4 hippogriffs
  6 yaks
  2 water moccasins
  An orc warrior (D:8)
  Duvessa (D:4)
  2 sky beasts
  A phantom (D:7)
  10 ogres
  A centaur (D:4)
  5 crocodiles (Lair:1)
  A big kobold (D:7)
  4 bullfrogs
  Dowan (D:4)
  2 scorpions (D:4)
  28 killer bees
  4 wights (D:7)
  6 crimson imps
  A howler monkey (D:7)
  A quasit (D:8)
  8 hounds
  4 jellies
  2 bullfrog skeletons
  5 orc priests
  13 orc wizards
  2 centaur skeletons (D:8)
  8 iguanas
  6 worker ants
  3 killer bee zombies
  A worker ant zombie (D:5)
  7 adders
  A shadow imp (D:7)
  4 oozes
  An adder zombie (D:9)
  2 adder skeletons
  3 worms
  A dart slug (D:5)
  4 leopard geckos
  45 orcs
  9 bats
  3 giant cockroaches
  6 goblins
  9 hobgoblins
  9 jackals
  9 kobolds
  3 quokkas
  4 ball pythons
  2 frilled lizards
  6 rats
274 creatures vanquished.

Notes
Turn   | Place    | Note
-------+----------+-------------------------------------------
     0 | D:1      | polve the Merfolk Ice Elementalist began the quest for the Orb.
     0 | D:1      | Reached XP level 1. HP: 13/13 MP: 3/3
    92 | D:1      | Reached XP level 2. HP: 2/19 MP: 0/5
   642 | D:1      | Reached skill level 1 in Polearms
  1023 | D:2      | Reached XP level 3. HP: 24/24 MP: 6/6
  1033 | D:2      | Found a white marble altar of Elyvilon.
  2189 | D:3      | Reached XP level 4. HP: 17/30 MP: 3/7
  2324 | D:3      | Found a deep blue altar of Sif Muna.
  2606 | D:3      | Reached skill level 5 in Ice Magic
  2606 | D:3      | Reached XP level 5. HP: 11/35 MP: 0/8
  2844 | D:3      | Learned a level 3 spell: Ozocubu's Armour
  3190 | D:3      | Reached skill level 1 in Charms
  3642 | D:4      | Noticed Dowan
  3647 | D:4      | Noticed an ogre
  3655 | D:4      | Killed an ogre
  3655 | D:4      | Reached skill level 5 in Polearms
  3655 | D:4      | Reached XP level 6. HP: 17/41 MP: 1/9
  4073 | D:4      | Reached skill level 1 in Fighting
  4083 | D:4      | Reached XP level 7. HP: 23/49 MP: 0/10
  4266 | D:4      | Noticed Duvessa
  4322 | D:4      | Killed Duvessa
  4464 | D:4      | Got a spiked ring mail
  4475 | D:4      | Identified the cursed +0 ring mail of the Apprentice {rN+ Str+4 Stlth+} (You took it off an orc on level 4 of the Dungeon)
  4650 | D:4      | Killed Dowan
  5032 | D:3      | Found a sacrificial altar of Ru.
  5374 | D:4      | Reached XP level 8. HP: 54/60 MP: 7/11
  5425 | D:4      | Learned a level 4 spell: Throw Icicle
  5671 | D:4      | Reached skill level 1 in Conjurations
  5992 | D:5      | Entered Level 5 of the Dungeon
  6091 | D:5      | Found Maweh's General Store.
  6246 | D:5      | Found an ancient bone altar of Kikubaaqudgha.
  6290 | D:5      | Found Nouch's Assorted Antiques.
  6388 | D:5      | Found Etogrom's Jewellery Shoppe.
  6551 | D:5      | Found Ridoz's Jewellery Shop.
  6619 | D:5      | Reached skill level 5 in Fighting
  6710 | D:6      | Found Beggooh's Magic Scroll Emporium.
  6993 | D:6      | Reached XP level 9. HP: 63/68 MP: 0/12
  8109 | D:7      | Reached skill level 5 in Dodging
  8270 | D:7      | Found a staircase to the Ecumenical Temple.
  8549 | Temple   | Entered the Ecumenical Temple
  8587 | Temple   | Became a worshipper of Yredelemnul the Dark
  8709 | D:7      | Reached skill level 10 in Polearms
  8779 | D:7      | Gained mutation: Your body sometimes deteriorates upon taking damage. [mutagenic meat]
  8780 | D:7      | Gained mutation: You possess an exceptional clarity of mind. [mutagenic meat]
  8781 | D:7      | Gained mutation: Your movements are slightly less encumbered by armour. (ER -2) [mutagenic meat]
  8782 | D:7      | Gained mutation: You are clumsy. (Dex -2) [mutagenic meat]
  9438 | D:8      | Found a staircase to the Lair.
  9613 | D:8      | Found a stormy altar of Qazlal.
  9664 | D:8      | Found a shadowy altar of Dithmenos.
  9772 | D:8      | Noticed Oddysee's ghost (novice MiFi)
  9823 | D:7      | Reached XP level 10. HP: 68/76 MP: 7/13
  9941 | D:7      | Reached * piety under Yredelemnul
 10002 | D:8      | Lost mutation: Your movements are slightly less encumbered by armour. (ER -2) [potion of mutation]
 10002 | D:8      | Lost mutation: You possess an exceptional clarity of mind. [potion of mutation]
 10002 | D:8      | Lost mutation: You are clumsy. (Dex -2) [potion of mutation]
 10002 | D:8      | Lost mutation: Your body sometimes deteriorates upon taking damage. [potion of mutation]
 10002 | D:8      | Gained mutation: You are partially covered in rugged brown scales. (AC +1, +3% HP) [potion of mutation]
 10002 | D:8      | Gained mutation: You are dopey. (Int -2) [potion of mutation]
 10002 | D:8      | Gained mutation: Your system is resistant to poisons. (rPois) [potion of mutation]
 10017 | D:8      | Found Awos's Food Shop.
 10170 | D:8      | Found a glowing silver altar of Zin.
 10171 | D:8      | Found a shadowy altar of Dithmenos.
 10176 | D:8      | Found an opulent altar of Gozag.
 10205 | D:8      | Killed Oddysee's ghost
 10205 | D:8      | Reached skill level 10 in Dodging
 10493 | D:9      | Noticed a gargoyle
 10501 | D:9      | Killed a gargoyle
 10682 | D:9      | Found Qisiris's Assorted Antiques.
 11394 | D:9      | Reached ** piety under Yredelemnul
 11565 | D:9      | Reached XP level 11. HP: 61/83 MP: 0/14
 12057 | Lair:1   | Entered Level 1 of the Lair of Beasts
 12944 | Lair:1   | HP: 3/83 [spiny frog (7)]
 13228 | D:10     | Entered Level 10 of the Dungeon
 13236 | D:10     | Reached *** piety under Yredelemnul
 13629 | D:10     | Got a heavily runed leather armour
 13640 | D:10     | Identified the +1 leather armour "Toosug" {+Fly rF- rC+} (You found it on level 10 of the Dungeon)
 13655 | D:10     | Noticed a centaur warrior
 13673 | D:10     | Killed a centaur warrior
 13722 | D:10     | Noticed a two-headed ogre
 13739 | D:10     | Slain by a two-headed ogre

Skill      XL: |  1  2  3  4  5  6  7  8  9 10 11 |
---------------+----------------------------------+-----
Ice Magic      | 4 5 6 7 8 |  8.0
Polearms       | 1 3 4 5 6 7 9 11 12 14 | 14.0
Charms         | 2 |  2.0
Fighting       | 1 3 5 6 |  6.5
Conjurations   | 2 |  2.0
Dodging        | 8 12 14 | 14.3
Stealth        | |  2.1
Spellcasting   | |  2.7

Action                   |  1- 3 |  4- 6 |  7- 9 | 10-12 || total
-------------------------+-------+-------+-------+-------++-------
Melee: Unarmed           |    19 |       |       |       ||    19
       Spear             |    80 |    23 |       |       ||   103
       Trident           |       |    42 |   315 |   453 ||   810
 Cast: Freeze            |    43 |    66 |   207 |   248 ||   564
       Ozocubu's Armour  |       |     1 |     7 |    13 ||    21
  Use: Scroll            |       |     1 |     1 |    11 ||    13
       Potion            |       |     3 |     4 |    13 ||    20
 Stab: Sleeping          |     8 |     4 |     7 |    10 ||    29
       Distracted        |       |     1 |     1 |     1 ||     3
  Eat: Chunk             |     5 |     7 |    24 |    14 ||    50
       Fruit             |       |       |     1 |     2 ||     3
       Meat ration       |       |       |       |     1 ||     1
Armor: Robe              |    21 |    12 |     7 |       ||    40
       Leather armour    |       |       |    98 |   125 ||   223
       Ring mail         |       |       |     2 |       ||     2
Dodge: Dodged            |    88 |    54 |   299 |   646 ||  1087
